MID
PEORIA CHIEFS @ AUGUSTA GREENJACKETS
09/24/2045
 
TOP OF THE 1ST
Peoria Chiefs batting - Pitching for Augusta GreenJackets : LHP Mike del Rio
Pitching: LHP Mike del Rio
Now at SS: Bill Defazio
Now in RF: Tony Galvan
Batting: LHB Adam Eisen 0-0: Called Strike
0-1: Ball
1-1: Called Strike
1-2: Foul Ball, location: 2F
1-2: Strikes out swinging
Batting: RHB Pat Scaturro 0-0: Called Strike
0-1: Swinging Strike
0-2: Ball
1-2: SINGLE (Groundball, 6, EV 95.6 MPH)
Batting: SHB Jason Kirby 0-0: Ball
1-0: Foul Ball, location: 2F
1-1: Called Strike
1-2: Ball
2-2: Fielders Choice at 2nd, 5-4 (Groundball, 56, EV 84.4 MPH)
Batting: RHB Immel Kamuzu 0-0: Called Strike
0-1: Ball
1-1: Foul Ball, location: 2F
1-2: SINGLE (Groundball, 4D, EV 105.0 MPH)
Jason Kirby to second
Runner from 2nd tries for 3rd, SAFE, no throw by RF
Batting: LHB Billy Guzman 0-0: Called Strike
0-1: Ball
1-1: Ball
2-1: Foul Ball, location: 2F
2-2: Fly out, F8 (Flyball, 78D, EV 96.2 MPH)
Top of the 1st over - 0 runs, 2 hits, 0 errors, 2 left on base; Peoria 0 - Augusta 0
BOTTOM OF THE 1ST
Augusta GreenJackets batting - Pitching for Peoria Chiefs : RHP Kohsuke Naito
Pitching: RHP Kohsuke Naito
Batting: LHB Pat Aviles 0-0: Ball
1-0: Called Strike
1-1: Ball
2-1: Ball
3-1: Called Strike
3-2: Ground out 6-3 (Groundball, 6M, EV 83.8 MPH)
Batting: RHB Bill Defazio 0-0: Called Strike
0-1: Called Strike
0-2: Strikes out swinging
Batting: LHB Jared Paige 0-0: Called Strike
0-1: Foul Ball, location: 2F
0-2: SINGLE (Groundball, 6M, EV 106.2 MPH)
Batting: LHB Al Hernandez 0-0: Called Strike
0-1: Foul Ball, location: 2F
0-2: Ball
1-2: Ball
2-2: Ball
3-2: Ground out 4-3 (Groundball, 4, EV 91.2 MPH)
Bottom of the 1st over - 0 runs, 1 hit, 0 errors, 1 left on base; Peoria 0 - Augusta 0
TOP OF THE 2ND
Peoria Chiefs batting - Pitching for Augusta GreenJackets : LHP Mike del Rio
Batting: RHB Brad Payne 0-0: Called Strike
0-1: Called Strike
0-2: Ball
1-2: Ball
2-2: Ball
3-2: DOUBLE (Line Drive, 5D, EV 105.6 MPH)
Batting: RHB Tommy Tracy 0-0: Called Strike
0-1: Swinging Strike
0-2: Ball
1-2: Strikes out swinging
Batting: RHB Mario Mendoza 0-0: Ball
1-0: SINGLE (Groundball, 6MD, EV 108.1 MPH)
Brad Payne to third
Runner from 3rd tries for Home, SAFE, throw by CF to home
Batting: LHB Robert Rauda 0-0: Ball
Pickoff Throw to First - Out! 1-3
1-0: Ball
2-0: Foul Ball, location: 2F
2-1: Ball
3-1: Foul Ball, location: 2F
3-2: Strikes out swinging
Top of the 2nd over - 1 run, 2 hits, 0 errors, 0 left on base; Peoria 1 - Augusta 0
BOTTOM OF THE 2ND
Augusta GreenJackets batting - Pitching for Peoria Chiefs : RHP Kohsuke Naito
Batting: LHB Fred Arends 0-0: Ball
1-0: Ball
2-0: Ball
3-0: Base on Balls
Batting: LHB Nate Conley 0-0: Ball
1-0: Called Strike
1-1: SINGLE (Line Drive, 9LS, EV 110.6 MPH)
Fred Arends to second
Batting: RHB Mike Jones 0-0: Ball
1-0: Ball
2-0: Called Strike
2-1: Ball
3-1: Foul Ball, location: 2F
3-2: SINGLE (Groundball, 56D, EV 100.0 MPH)
Fred Arends to third
Nate Conley to second
Batting: LHB Gil Caraveo 0-0: Swinging Strike
0-1: Called Strike
0-2: Foul Ball, location: 2F
0-2: DOUBLE (Line Drive, 89D, EV 114.4 MPH)
Fred Arends scores
Nate Conley scores
Mike Jones to third
Batting: LHB Tony Galvan 0-0: Ball
1-0: Ball
2-0: Ball
3-0: Foul Ball, location: 2F
3-1: Called Strike
3-2: Foul Ball, location: 2F
3-2: Base on Balls
Batting: LHB Pat Aviles 0-0: Ball
1-0: Ball
2-0: Foul Ball, location: 2F
2-1: Swinging Strike
2-2: Ball
3-2: Fielders Choice at 2nd, 4-6 (Groundball, 4, EV 104.4 MPH)
Mike Jones scores
Gil Caraveo to third
Batting: RHB Bill Defazio 0-0: Ball
1-0: Called Strike
1-1: Called Strike
1-2: Ball
2-2: Strikes out swinging
Batting: LHB Jared Paige 0-0: Foul Ball, location: 2F
0-1: Foul Ball, location: 2F
0-2: Fly out, F8 (Flyball, 8LXD, EV 98.1 MPH)
Bottom of the 2nd over - 3 runs, 3 hits, 0 errors, 2 left on base; Peoria 1 - Augusta 3
TOP OF THE 3RD
Peoria Chiefs batting - Pitching for Augusta GreenJackets : LHP Mike del Rio
Batting: LHB Adam Eisen 0-0: Foul Ball, location: 2F
0-1: Swinging Strike
0-2: Ball
1-2: Foul Ball, location: 2F
1-2: Ball
2-2: Ball
3-2: Strikes out swinging
Batting: RHB Pat Scaturro 0-0: Ball
1-0: Called Strike
1-1: DOUBLE (Line Drive, 89D, EV 110.0 MPH) - OUT at third base trying to stretch hit.
Batting: SHB Jason Kirby 0-0: Ball
1-0: Swinging Strike
1-1: Called Strike
1-2: Strikes out swinging
Top of the 3rd over - 0 runs, 1 hit, 0 errors, 0 left on base; Peoria 1 - Augusta 3
BOTTOM OF THE 3RD
Augusta GreenJackets batting - Pitching for Peoria Chiefs : RHP Kohsuke Naito
Batting: LHB Al Hernandez 0-0: SINGLE (Line Drive, 5, EV 98.8 MPH)
Batting: LHB Fred Arends 0-0: Ball
1-0: SINGLE (Groundball, 6MD, EV 101.9 MPH)
Al Hernandez to second
Batting: LHB Nate Conley 0-0: Called Strike
0-1: Grounds into double play, 1-6-3 (Groundball, 13, EV 75.0 MPH)
Al Hernandez to third
Batting: RHB Mike Jones 0-0: Called Strike
0-1: Called Strike
0-2: Foul Ball, location: 2F
0-2: Ground out 5-3 (Groundball, 5, EV 82.5 MPH)
Bottom of the 3rd over - 0 runs, 2 hits, 0 errors, 1 left on base; Peoria 1 - Augusta 3
TOP OF THE 4TH
Peoria Chiefs batting - Pitching for Augusta GreenJackets : LHP Mike del Rio
Batting: RHB Immel Kamuzu 0-0: Ball
1-0: Called Strike
1-1: Ball
2-1: Ball
3-1: Swinging Strike
3-2: Fly out, F7 (Flyball, 7LD, EV 102.5 MPH)
Batting: LHB Billy Guzman 0-0: Called Strike
0-1: Ball
1-1: Swinging Strike
1-2: Foul Ball, location: 2F
1-2: Strikes out swinging
Batting: RHB Brad Payne 0-0: Ball
1-0: Foul Ball, location: 2F
1-1: Ball
2-1: Swinging Strike
2-2: Foul Ball, location: 2F
2-2: Strikes out swinging
Top of the 4th over - 0 runs, 0 hits, 0 errors, 0 left on base; Peoria 1 - Augusta 3
BOTTOM OF THE 4TH
Augusta GreenJackets batting - Pitching for Peoria Chiefs : RHP Kohsuke Naito
Batting: LHB Gil Caraveo 0-0: TRIPLE (Groundball, 3L, EV 95.0 MPH)
Batting: LHB Tony Galvan 0-0: Swinging Strike
0-1: SINGLE (Groundball, 56D, EV 96.2 MPH)
Gil Caraveo scores
Batting: LHB Pat Aviles 0-0: Fielders Choice at 2nd, 3-6 (Groundball, 3, EV 105.6 MPH)
Batting: RHB Bill Defazio 0-0: Ball
Pat Aviles is caught stealing 2nd base 2-4
1-0: Called Strike
1-1: Ball
2-1: Ball
3-1: DOUBLE (Flyball, 89XD, EV 115.6 MPH)
Batting: LHB Jared Paige 0-0: Called Strike
0-1: Ball
1-1: Ball
2-1: Called Strike
2-2: Strikes out swinging
Bottom of the 4th over - 1 run, 3 hits, 0 errors, 1 left on base; Peoria 1 - Augusta 4
TOP OF THE 5TH
Peoria Chiefs batting - Pitching for Augusta GreenJackets : LHP Mike del Rio
Batting: RHB Tommy Tracy 0-0: Ball
1-0: Foul Ball, location: 2F
1-1: Ball
2-1: Called Strike
2-2: Fly out, F9 (Flyball, 89S, EV 73.8 MPH)
Batting: RHB Mario Mendoza 0-0: Called Strike
0-1: Ball
1-1: Swinging Strike
1-2: Strikes out swinging
Batting: LHB Robert Rauda 0-0: Ground out 4-3 (Groundball, 4, EV 88.1 MPH)
Top of the 5th over - 0 runs, 0 hits, 0 errors, 0 left on base; Peoria 1 - Augusta 4
BOTTOM OF THE 5TH
Augusta GreenJackets batting - Pitching for Peoria Chiefs : RHP Kohsuke Naito
Pitching: RHP Andrew Ray
Batting: LHB Al Hernandez 0-0: Swinging Strike
0-1: Ground out 4-3 (Groundball, 4, EV 80.0 MPH)
Batting: LHB Fred Arends 0-0: Ball
1-0: Called Strike
1-1: Swinging Strike
1-2: Ball
2-2: Fly out, F4 (Flyball, 34D, EV 83.1 MPH)
Batting: LHB Nate Conley 0-0: Ball
1-0: Ball
2-0: Ball
3-0: Called Strike
3-1: Base on Balls
Batting: RHB Mike Jones 0-0: Ball
1-0: Ball
2-0: Called Strike
2-1: SINGLE (Line Drive, 34D, EV 94.4 MPH)
Nate Conley to second
Runner from 2nd tries for 3rd, SAFE, throw by RF made to third
Batting: LHB Gil Caraveo 0-0: Called Strike
0-1: Ground out 1-3 (Groundball, P, EV 71.9 MPH)
Bottom of the 5th over - 0 runs, 1 hit, 0 errors, 2 left on base; Peoria 1 - Augusta 4
TOP OF THE 6TH
Peoria Chiefs batting - Pitching for Augusta GreenJackets : LHP Mike del Rio
Pitching: RHP Ron Riley
Batting: LHB Adam Eisen 0-0: Ball
1-0: Foul Ball, location: 2F
1-1: Foul Ball, location: 2F
1-2: Ground out 5-3 (Groundball, 5, EV 81.9 MPH)
Batting: RHB Pat Scaturro 0-0: SINGLE (Groundball, 56D, EV 103.8 MPH)
Batting: SHB Jason Kirby 0-0: Ball
1-0: Foul Ball, location: 2F
1-1: Called Strike
1-2: Ball
2-2: Strikes out swinging
Batting: RHB Immel Kamuzu 0-0: Foul Ball, location: 2F
0-1: Ball
1-1: Foul Ball, location: 2F
1-2: Ball
2-2: Ball
3-2: Base on Balls
Pat Scaturro to second
Batting: LHB Billy Guzman 0-0: Foul Ball, location: 2F
0-1: Ground out U3 (Groundball, 34, EV 85.0 MPH)
Top of the 6th over - 0 runs, 1 hit, 0 errors, 2 left on base; Peoria 1 - Augusta 4
BOTTOM OF THE 6TH
Augusta GreenJackets batting - Pitching for Peoria Chiefs : RHP Andrew Ray
Batting: LHB Tony Galvan 0-0: TRIPLE (Line Drive, 89XD, EV 106.9 MPH)
Batting: LHB Pat Aviles 0-0: Intentional Walk
Batting: RHB Bill Defazio 0-0: Ball
1-0: Ball
2-0: Fielders Choice at 2nd, 6-4 (Groundball, 6, EV 106.9 MPH)
Tony Galvan scores
Batting: LHB Jared Paige 0-0: Ball
1-0: Called Strike
Bill Defazio is caught stealing 2nd base 2-6
1-1: Called Strike
1-2: Ball
2-2: Ground out 6-3 (Groundball, 6S, EV 85.6 MPH)
Bottom of the 6th over - 1 run, 1 hit, 0 errors, 0 left on base; Peoria 1 - Augusta 5
TOP OF THE 7TH
Peoria Chiefs batting - Pitching for Augusta GreenJackets : RHP Ron Riley
Pitching: RHP Cesar Rivera
Batting: RHB Brad Payne 0-0: Called Strike
0-1: Ground out 6-3 (Groundball, 6M, EV 86.2 MPH)
Batting: RHB Tommy Tracy 0-0: DOUBLE (Groundball, 5L, EV 101.2 MPH)
Batting: RHB Mario Mendoza 0-0: Foul Ball, location: 2F
0-1: Foul Ball, location: 2F
0-2: Ball
1-2: Ball
2-2: Ball
3-2: Foul Ball, location: 2F
3-2: Ground out 6-3 (Groundball, 6, EV 80.0 MPH)
Tommy Tracy to third
Batting: LHB Robert Rauda 0-0: Ball
1-0: Ball
2-0: Foul Ball, location: 2F
2-1: Swinging Strike
2-2: Foul Ball, location: 2F
2-2: Foul Ball, location: 2F
2-2: Foul Ball, location: 2F
2-2: Foul Ball, location: 2F
2-2: DOUBLE (Line Drive, 7LD, EV 106.9 MPH)
Tommy Tracy scores
Batting: LHB Adam Eisen 0-0: Foul Ball, location: 2F
0-1: Swinging Strike
0-2: Foul Ball, location: 2F
0-2: Ball
1-2: Fly out, F6 (Flyball, 6D, EV 83.8 MPH)
Top of the 7th over - 1 run, 2 hits, 0 errors, 1 left on base; Peoria 2 - Augusta 5
BOTTOM OF THE 7TH
Augusta GreenJackets batting - Pitching for Peoria Chiefs : RHP Andrew Ray
Pitching: RHP Steve Barnett
Batting: LHB Al Hernandez 0-0: Ball
1-0: Ball
2-0: Called Strike
2-1: Swinging Strike
2-2: Ball
3-2: SINGLE (Groundball, 6D, EV 106.2 MPH)
Batting: LHB Fred Arends 0-0: Ball
1-0: Fly out, F4 (Flyball, 34D, EV 86.9 MPH)
Batting: LHB Nate Conley 0-0: Foul Ball, location: 2F
0-1: Swinging Strike
0-2: Strikes out swinging
Batting: RHB Mike Jones 0-0: Foul Ball, location: 2F
0-1: Ball
1-1: Foul Ball, location: 2F
1-2: Fielders Choice at 2nd, 6-4 (Groundball, 6, EV 78.1 MPH)
Bottom of the 7th over - 0 runs, 1 hit, 0 errors, 1 left on base; Peoria 2 - Augusta 5
TOP OF THE 8TH
Peoria Chiefs batting - Pitching for Augusta GreenJackets : RHP Cesar Rivera
Pitching: LHP Matt Wass
Batting: RHB Pat Scaturro 0-0: Ball
1-0: Ball
2-0: Foul Ball, location: 2F
2-1: Called Strike
2-2: Strikes out looking
Batting: SHB Jason Kirby 0-0: Ball
1-0: Ball
2-0: Called Strike
2-1: Ball
3-1: Base on Balls
Batting: RHB Immel Kamuzu 0-0: Called Strike
0-1: Foul Ball, location: 2F
0-2: Strikes out swinging
Batting: LHB Billy Guzman 0-0: Called Strike
0-1: Fly out, F7 (Flyball, 7LS, EV 92.5 MPH)
Top of the 8th over - 0 runs, 0 hits, 0 errors, 1 left on base; Peoria 2 - Augusta 5
BOTTOM OF THE 8TH
Augusta GreenJackets batting - Pitching for Peoria Chiefs : RHP Steve Barnett
Batting: LHB Gil Caraveo 0-0: Ball
1-0: Called Strike
1-1: Foul Ball, location: 2F
1-2: Ground out 6-3 (Groundball, 6, EV 86.9 MPH)
Batting: LHB Tony Galvan 0-0: Called Strike
0-1: Ball
1-1: Foul Ball, location: 2F
1-2: Ball
2-2: Ball
3-2: Foul Ball, location: 2F
3-2: Strikes out swinging
Batting: LHB Pat Aviles 0-0: Called Strike
0-1: Ball
1-1: Swinging Strike
1-2: Foul Ball, location: 2F
1-2: Foul Ball, location: 2F
1-2: Fly out, F8 (Line Drive, 8LD, EV 90.6 MPH)
Bottom of the 8th over - 0 runs, 0 hits, 0 errors, 0 left on base; Peoria 2 - Augusta 5
TOP OF THE 9TH
Peoria Chiefs batting - Pitching for Augusta GreenJackets : LHP Matt Wass
Pitching: LHP Caleb Mullinax
Batting: RHB Brad Payne 0-0: Ground out 1-3 (Groundball, 15, EV 65.0 MPH)
Batting: RHB Tommy Tracy 0-0: Fly out, F3 (Popup, 3S, EV 78.8 MPH)
Batting: RHB Mario Mendoza 0-0: Called Strike
0-1: Ball
1-1: Foul Ball, location: 2F
1-2: Strikes out looking
Top of the 9th over - 0 runs, 0 hits, 0 errors, 0 left on base; Peoria 2 - Augusta 5
Wednesday, June 22nd , 2022 - OOTP Baseball 23.4 Build 64